MLB
TEXAS RANGERS @ OAKLAND ATHLETICS
09/04/2044
 
TOP OF THE 1ST
Texas Rangers batting - Pitching for Oakland Athletics : RHP Sean Hill
Pitching: RHP Sean Hill
Batting: LHB Da Vo 0-0: Ball
1-0: Fly out, F4 (Popup, 4, EV 67.5 MPH)
Batting: RHB David Casas 0-0: Ball
1-0: Foul Ball, location: 2F
1-1: Ball
2-1: Ball
3-1: SINGLE (Flyball, 89S, EV 96.9 MPH)
Batting: SHB Jun Tsuda 0-0: Ball
1-0: Ball
2-0: Called Strike
2-1: Foul Ball, location: 2F
2-2: Fly out, F3 (Popup, 34, EV 64.4 MPH)
Batting: SHB John Giesbrecht 0-0: Ball
1-0: Foul Ball, location: 2F
1-1: Foul Ball, location: 2F
1-2: Ball
2-2: Ball
3-2: DOUBLE (Flyball, 78D, EV 107.5 MPH)
David Casas to third
David Casas scores
Batting: RHB Bert Clark 0-0: Ball
1-0: Ball
2-0: Called Strike
2-1: Foul Ball, location: 2F
2-2: Foul Ball, location: 2F
2-2: Ground out 4-3 (Groundball, 34, EV 110.0 MPH)
Top of the 1st over - 1 run, 2 hits, 0 errors, 1 left on base; Texas 1 - Oakland 0
BOTTOM OF THE 1ST
Oakland Athletics batting - Pitching for Texas Rangers : RHP Matt Sigurdson
Pitching: RHP Matt Sigurdson
Batting: RHB Muneo Kawachi 0-0: Swinging Strike
0-1: Ball
1-1: SINGLE (Groundball, 6MD, EV 101.3 MPH)
Batting: SHB Ryan Langlois 0-0: Ball
1-0: Ball
2-0: Foul Ball, location: 2F
2-1: SINGLE (Groundball, 4MD, EV 100.6 MPH)
Muneo Kawachi to second
Batting: LHB Sakae Kasahara 0-0: Grounds into double play, U6-3 (Groundball, P, EV 86.3 MPH)
Muneo Kawachi to third
Batting: SHB Mark Rennie 0-0: Called Strike
0-1: Swinging Strike
0-2: Strikes out swinging
Bottom of the 1st over - 0 runs, 2 hits, 0 errors, 1 left on base; Texas 1 - Oakland 0
TOP OF THE 2ND
Texas Rangers batting - Pitching for Oakland Athletics : RHP Sean Hill
Batting: SHB Vince Ealy 0-0: Called Strike
0-1: Swinging Strike
0-2: Strikes out swinging
Batting: LHB Cody Schumacher 0-0: Ball
1-0: Called Strike
1-1: Called Strike
1-2: Ball
2-2: Ball
3-2: Base on Balls
Batting: RHB Edwin Madrid 0-0: Ball
Cody Schumacher is caught stealing 2nd base 2-4
1-0: Ground out 5-3 (Groundball, 56S, EV 85.0 MPH)
Top of the 2nd over - 0 runs, 0 hits, 0 errors, 0 left on base; Texas 1 - Oakland 0
BOTTOM OF THE 2ND
Oakland Athletics batting - Pitching for Texas Rangers : RHP Matt Sigurdson
Batting: LHB George Leary 0-0: Fly out, F7 (Flyball, 7S, EV 90.0 MPH)
Batting: SHB Robert Handy 0-0: Foul Ball, location: 2F
0-1: Ball
1-1: Swinging Strike
1-2: Strikes out swinging, 2-3 out at first.
Batting: SHB Greg Prime 0-0: Foul Ball, location: 2F
0-1: Called Strike
0-2: SOLO HOME RUN (Flyball, 9LD, EV 98.1 MPH), Distance : 383 ft
Batting: RHB Danny Murillo 0-0: Foul Ball, location: 2F
0-1: Ball
1-1: Foul Ball, location: 2F
1-2: Ground out U3 (Groundball, 34, EV 103.1 MPH)
Bottom of the 2nd over - 1 run, 1 hit, 0 errors, 0 left on base; Texas 1 - Oakland 1
TOP OF THE 3RD
Texas Rangers batting - Pitching for Oakland Athletics : RHP Sean Hill
Batting: RHB Zhao-ji Chi 0-0: Swinging Strike
0-1: Foul Ball, location: 2F
0-2: SINGLE (Line Drive, 8LS, EV 99.4 MPH)
Batting: LHB Da Vo 0-0: Called Strike
0-1: Foul Ball, location: 2F
0-2: DOUBLE (Line Drive, 7LM, EV 109.4 MPH)
Zhao-ji Chi to third
Batting: RHB David Casas 0-0: Swinging Strike
0-1: Fly out, F3 (Popup, 34S, EV 65.6 MPH)
Batting: SHB Jun Tsuda 0-0: Ball
1-0: Ball
2-0: Ball
3-0: Called Strike
3-1: Called Strike
3-2: Foul Ball, location: 2F
3-2: Base on Balls
Batting: SHB John Giesbrecht 0-0: Foul Ball, location: 2F
0-1: Ball
1-1: Ball
2-1: Fly out, F9 (Flyball, 9, EV 92.5 MPH)
Batting: RHB Bert Clark 0-0: Swinging Strike
0-1: SINGLE (Groundball, 4MD, EV 92.5 MPH) (infield hit)
Zhao-ji Chi scores
Da Vo to third
Jun Tsuda to second
Batting: SHB Vince Ealy 0-0: Ball
1-0: Ball
2-0: Called Strike
2-1: Ball
3-1: Swinging Strike
3-2: Base on Balls
Da Vo scores
Jun Tsuda to third
Bert Clark to second
Batting: LHB Cody Schumacher 0-0: Called Strike
0-1: Ball
1-1: Ball
2-1: Foul Ball, location: 2F
2-2: Ball
3-2: Base on Balls
Jun Tsuda scores
Bert Clark to third
Vince Ealy to second
Batting: RHB Edwin Madrid 0-0: Ball
1-0: Fly out, F7 (Flyball, 78D, EV 98.8 MPH)
Top of the 3rd over - 3 runs, 3 hits, 0 errors, 3 left on base; Texas 4 - Oakland 1
BOTTOM OF THE 3RD
Oakland Athletics batting - Pitching for Texas Rangers : RHP Matt Sigurdson
Batting: RHB Bernie Varela 0-0: Ball
1-0: Swinging Strike
1-1: Ball
2-1: Ground out 1-3 (Groundball, 23, EV 66.9 MPH)
Batting: RHB Muneo Kawachi 0-0: Called Strike
0-1: SINGLE (Groundball, 56S, EV 72.5 MPH) (infield hit)
Batting: SHB Ryan Langlois 0-0: Ball
1-0: Swinging Strike
1-1: Ball
Muneo Kawachi steals 2nd base
2-1: Ball
3-1: Base on Balls
Batting: LHB Sakae Kasahara 0-0: Grounds into double play, 4-6-3 (Groundball, 4, EV 85.6 MPH)
Bottom of the 3rd over - 0 runs, 1 hit, 0 errors, 1 left on base; Texas 4 - Oakland 1
TOP OF THE 4TH
Texas Rangers batting - Pitching for Oakland Athletics : RHP Sean Hill
Batting: RHB Zhao-ji Chi 0-0: Ball
1-0: Called Strike
1-1: Ball
2-1: Ground out 6-3 (Groundball, 6, EV 86.3 MPH)
Batting: LHB Da Vo 0-0: Ball
1-0: Called Strike
1-1: Foul Ball, location: 2F
1-2: Foul Ball, location: 2F
1-2: Foul Ball, location: 2F
1-2: Foul Ball, location: 2F
1-2: Ball
2-2: Foul Ball, location: 2F
2-2: Strikes out swinging
Batting: RHB David Casas 0-0: Called Strike
0-1: Called Strike
0-2: Ball
1-2: Ground out 6-3 (Groundball, 6, EV 104.4 MPH)
Top of the 4th over - 0 runs, 0 hits, 0 errors, 0 left on base; Texas 4 - Oakland 1
BOTTOM OF THE 4TH
Oakland Athletics batting - Pitching for Texas Rangers : RHP Matt Sigurdson
Batting: SHB Mark Rennie 0-0: Called Strike
0-1: Swinging Strike
0-2: Strikes out swinging
Batting: LHB George Leary 0-0: Called Strike
0-1: Foul Ball, location: 2F
0-2: Fly out, F9 (Flyball, 89D, EV 98.1 MPH)
Batting: SHB Robert Handy 0-0: Ball
1-0: Called Strike
1-1: Ball
2-1: Ground out 6-3 (Groundball, 6M, EV 101.9 MPH)
Bottom of the 4th over - 0 runs, 0 hits, 0 errors, 0 left on base; Texas 4 - Oakland 1
TOP OF THE 5TH
Texas Rangers batting - Pitching for Oakland Athletics : RHP Sean Hill
Batting: SHB Jun Tsuda 0-0: Ball
1-0: Called Strike
1-1: Ball
2-1: Fly out, F9 (Flyball, 9S, EV 83.1 MPH)
Batting: SHB John Giesbrecht 0-0: Ball
1-0: Ball
2-0: Ball
3-0: Base on Balls
Batting: RHB Bert Clark 0-0: Ground out 4-3 (Groundball, 4MD, EV 85.6 MPH)
John Giesbrecht to second
Batting: SHB Vince Ealy 0-0: Ball
1-0: Called Strike
1-1: Swinging Strike
1-2: Strikes out swinging, 2-3 out at first.
Top of the 5th over - 0 runs, 0 hits, 0 errors, 1 left on base; Texas 4 - Oakland 1
BOTTOM OF THE 5TH
Oakland Athletics batting - Pitching for Texas Rangers : RHP Matt Sigurdson
Batting: SHB Greg Prime 0-0: Ball
1-0: SINGLE (Line Drive, 89M, EV 93.8 MPH)
Batting: RHB Danny Murillo 0-0: Ball
1-0: Called Strike
1-1: Called Strike
1-2: Grounds into double play, 6-4-3 (Groundball, 6, EV 87.5 MPH)
Batting: RHB Bernie Varela 0-0: Called Strike
0-1: Ball
1-1: Ball
2-1: Ball
3-1: Called Strike
3-2: Base on Balls
Batting: RHB Muneo Kawachi 0-0: Called Strike
Bernie Varela steals 2nd base
0-1: Ground out 5-3 (Groundball, 56, EV 101.9 MPH)
Bottom of the 5th over - 0 runs, 1 hit, 0 errors, 1 left on base; Texas 4 - Oakland 1
TOP OF THE 6TH
Texas Rangers batting - Pitching for Oakland Athletics : RHP Sean Hill
Batting: LHB Cody Schumacher 0-0: Foul Ball, location: 2F
0-1: Ball
1-1: Swinging Strike
1-2: Ball
2-2: Foul Ball, location: 2F
2-2: Ball
3-2: Strikes out looking
Pitching: RHP Jeremy Fraraccio
Batting: RHB Edwin Madrid 0-0: Swinging Strike
0-1: Swinging Strike
0-2: Foul Ball, location: 2F
0-2: Ball
1-2: Foul Ball, location: 2F
1-2: Strikes out looking
Batting: RHB Zhao-ji Chi 0-0: Called Strike
0-1: Ball
1-1: Ball
2-1: Ball
3-1: Called Strike
3-2: Ground out 4-3 (Groundball, 4, EV 87.5 MPH)
Top of the 6th over - 0 runs, 0 hits, 0 errors, 0 left on base; Texas 4 - Oakland 1
BOTTOM OF THE 6TH
Oakland Athletics batting - Pitching for Texas Rangers : RHP Matt Sigurdson
Batting: SHB Ryan Langlois 0-0: Ball
1-0: Foul Ball, location: 2F
1-1: Swinging Strike
1-2: Ball
2-2: Foul Ball, location: 2F
2-2: Foul Ball, location: 2F
2-2: Ground out U3 (Groundball, 3, EV 83.8 MPH)
Batting: LHB Sakae Kasahara 0-0: Ball
1-0: SOLO HOME RUN (Line Drive, 7D, EV 97.5 MPH), Distance : 390 ft
Batting: SHB Mark Rennie 0-0: Ball
1-0: Ground out 4-3 (Groundball, 4, EV 98.1 MPH)
Batting: LHB George Leary 0-0: Called Strike
0-1: Ball
1-1: Ball
2-1: Fly out, F8 (Flyball, 8RD, EV 88.1 MPH)
Bottom of the 6th over - 1 run, 1 hit, 0 errors, 0 left on base; Texas 4 - Oakland 2
TOP OF THE 7TH
Texas Rangers batting - Pitching for Oakland Athletics : RHP Jeremy Fraraccio
Batting: LHB Da Vo 0-0: Foul Ball, location: 2F
0-1: Fly out, F8 (Flyball, 78D, EV 88.8 MPH)
Batting: RHB David Casas 0-0: Ball
1-0: Foul Ball, location: 2F
1-1: Ground out 5-3 (Groundball, 56, EV 93.1 MPH)
Batting: SHB Jun Tsuda 0-0: Ball
1-0: Foul Ball, location: 2F
1-1: Fly out, F8 (Line Drive, 8RD, EV 89.4 MPH)
Top of the 7th over - 0 runs, 0 hits, 0 errors, 0 left on base; Texas 4 - Oakland 2
BOTTOM OF THE 7TH
Oakland Athletics batting - Pitching for Texas Rangers : RHP Matt Sigurdson
Batting: SHB Robert Handy 0-0: Ball
1-0: Ball
2-0: Called Strike
2-1: Swinging Strike
2-2: Strikes out swinging
Batting: SHB Greg Prime 0-0: Ball
1-0: Fly out, F7 (Flyball, 78M, EV 96.3 MPH)
Batting: RHB Danny Murillo 0-0: Ground out 3-1 (Groundball, 13, EV 82.5 MPH)
Bottom of the 7th over - 0 runs, 0 hits, 0 errors, 0 left on base; Texas 4 - Oakland 2
TOP OF THE 8TH
Texas Rangers batting - Pitching for Oakland Athletics : RHP Jeremy Fraraccio
Pitching: RHP John Owens
Batting: SHB John Giesbrecht 0-0: Foul Ball, location: 2F
0-1: Swinging Strike
0-2: Ball
1-2: Ball
2-2: Foul Ball, location: 2F
2-2: Foul Ball, location: 2F
2-2: Ball
3-2: Ground out U3 (Groundball, 3, EV 90.6 MPH)
Batting: RHB Bert Clark 0-0: Ground out 4-3 (Groundball, 4, EV 85.0 MPH)
Batting: SHB Vince Ealy 0-0: Called Strike
0-1: Ground out 4-3 (Groundball, 4M, EV 78.8 MPH)
Top of the 8th over - 0 runs, 0 hits, 0 errors, 0 left on base; Texas 4 - Oakland 2
BOTTOM OF THE 8TH
Oakland Athletics batting - Pitching for Texas Rangers : RHP Matt Sigurdson
Now at 1B: Johan de Vries
Now in LF: Orlando Suarez
Batting: RHB Bernie Varela 0-0: Ball
1-0: Foul Ball, location: 2F
1-1: Ball
2-1: Foul Ball, location: 2F
2-2: Ground out U3 (Groundball, 3, EV 100.0 MPH)
Batting: RHB Muneo Kawachi 0-0: Ball
1-0: Called Strike
1-1: SINGLE (Groundball, 34D, EV 107.5 MPH)
Batting: SHB Ryan Langlois 0-0: Foul Ball, location: 2F
0-1: Ball
1-1: Swinging Strike
1-2: Grounds into double play, 6-4-3 (Groundball, 6, EV 106.9 MPH)
Bottom of the 8th over - 0 runs, 1 hit, 0 errors, 0 left on base; Texas 4 - Oakland 2
TOP OF THE 9TH
Texas Rangers batting - Pitching for Oakland Athletics : RHP John Owens
Batting: LHB Cody Schumacher 0-0: Called Strike
0-1: Ball
1-1: Fly out, F9 (Flyball, 9LS, EV 75.0 MPH)
Batting: RHB Edwin Madrid 0-0: Called Strike
0-1: Ball
1-1: SINGLE (Flyball, 78S, EV 89.4 MPH)
Batting: RHB Zhao-ji Chi 0-0: Ball
Edwin Madrid steals 2nd, throwing error, E2
Edwin Madrid to third
1-0: Called Strike
1-1: Ground out 5-3 (Groundball, 5S, EV 81.9 MPH)
Batting: LHB Da Vo 0-0: Ball
1-0: Ball
2-0: Foul Ball, location: 2F
2-1: Ball
3-1: Base on Balls
Batting: LHB Johan de Vries 0-0: Ball
1-0: Ball
2-0: Foul Ball, location: 2F
2-1: Ball
3-1: Foul Ball, location: 2F
3-2: SINGLE (Line Drive, 89S, EV 110.0 MPH)
Edwin Madrid scores
Da Vo to second
Da Vo to third
Batting: SHB Jun Tsuda 0-0: Ball
1-0: Ground out 1-3 (Groundball, 15, EV 61.9 MPH)
Top of the 9th over - 1 run, 2 hits, 1 error, 2 left on base; Texas 5 - Oakland 2
BOTTOM OF THE 9TH
Oakland Athletics batting - Pitching for Texas Rangers : RHP Matt Sigurdson
Pitching: RHP Brad Kramer
Batting: LHB Sakae Kasahara 0-0: Foul Ball, location: 2F
0-1: Foul Ball, location: 2F
0-2: Ball
1-2: Ball
2-2: Ball
3-2: Strikes out swinging
Batting: SHB Mark Rennie 0-0: Called Strike
0-1: Foul Ball, location: 2F
0-2: Ball
1-2: Fly out, F9 (Line Drive, 9, EV 93.1 MPH)
Batting: LHB George Leary 0-0: Ball
1-0: Ball
2-0: Swinging Strike
2-1: Fly out, F8 (Flyball, 78D, EV 102.5 MPH)
Bottom of the 9th over - 0 runs, 0 hits, 0 errors, 0 left on base; Texas 5 - Oakland 2
Thursday, March 31st , 2022 - OOTP Baseball 22.12 Build 89